 Dungeon Crawl Stone Soup version 0.32-a0-540-g866d13106e (webtiles) character file.

Game seed: 12333933175298398741

13274 LobsterGuardian the Eclecticist (level 11, -23/66 HPs)
             Began as a Deep Elf Cinder Acolyte on Feb 28, 2024.
             Was a Follower of Ignis.
             Killed from afar by Frances (24 damage)
             ... with a shard of ice
             ... on level 12 of the Dungeon.
             The game lasted 00:32:49 (13009 turns).

LobsterGuardian the Eclecticist (DECA)             Turns: 13009, Time: 00:32:52

Health: -23/66     AC:  9    Str:  9    XL:     11   Next: 73%
Magic:  13/34      EV: 12    Int: 24    God:    Ignis [*.....]
Gold:   319        SH:  5    Dex: 10    Spells: 27/45 levels left

rFire   + . .        t - +1 rapier (flame)
rCold   . . .        K - orb {*Rage}
rNeg    . . .        N - +0 troll leather armour
rPois   +            (no helmet)
rElec   .            v - +2 cloak
rCorr   .            e - +2 pair of gloves
SInv    +            (no boots)
Will    ++...        k - amulet of reflection
Stlth   ++           l - ring of see invisible
HPRegen 1.11/turn    J - ring of poison resistance
MPRegen 0.24/turn

%: random rage (20%), reflection
@: hasted, very quick
A: strong-willed 1, robust 1, weak 1
a: Renounce Religion, Fiery Armour, Foxfire Swarm


You were on level 12 of the Dungeon.
You worshipped Ignis.
Ignis was aware of your devotion.
You visited 2 branches of the dungeon, and saw 13 of its levels.
You also visited: Ossuary.

You collected 627 gold pieces.
You spent 308 gold pieces at shops.

Inventory:

Hand Weapons
 t - a +1 rapier of flaming (weapon)
Missiles
 C - a throwing net
Armour
 b - a +0 buckler
 e - a +2 pair of gloves (worn)
 v - a +2 cloak (worn)
 K - an orb of wrath (worn)
 N - a +0 troll leather armour (worn)
Jewellery
 f - a ring of positive energy
 k - an amulet of reflection (around neck)
 l - a ring of see invisible (left hand)
 J - a ring of poison resistance (right hand)
Wands
 d - a wand of flame (7)
 p - a wand of mindburst (27)
 u - a wand of polymorph (9)
 F - a wand of roots (20)
Scrolls
 c - a scroll of butterflies
 h - a scroll of enchant armour {unknown}
 m - 2 scrolls of amnesia
 n - 2 scrolls of noise
 o - 4 scrolls of poison
 q - 2 scrolls of fear
 y - 4 scrolls of vulnerability
 A - 3 scrolls of teleportation
 E - a scroll of torment
 G - a scroll of silence {unknown}
 H - a scroll of revelation {unknown}
 I - a scroll of blinking {unknown}
Potions
 a - 2 potions of brilliance
 g - 3 potions of lignification
 i - 2 potions of attraction {unknown}
 j - 3 potions of cancellation
 r - 2 potions of ambrosia
 w - 2 potions of mutation
 x - 2 potions of curing
 z - 2 potions of degeneration
 D - a potion of might {unknown}
 L - a potion of invisibility
 M - a potion of magic
Miscellaneous
 s - a phantom mirror


   Skills:
 + Level 3.2 Fighting
 + Level 4.7 Short Blades
 + Level 3.4 Armour
 + Level 3.9 Dodging
 + Level 2.3 Stealth
 + Level 2.0 Shields
 * Level 17.9 Spellcasting
 + Level 0.2 Conjurations
 - Level 9.0 Fire Magic
 * Level 6.9 Alchemy


You had 27 spell levels left.
You knew the following spells:

 Your Spells              Type           Power      Damage    Failure   Level
a - Scorch                Fire           100%       2d9       1%          2
b - Sting                 Conj/Alch      100%       1d9       1%          1
c - Olgreb's Toxic Radia  Alch           53%        N/A       1%          4
d - Mercury Vapours       Alch/Air       76%        N/A       1%          2
e - Yara's Violent Unrav  Hex/Alch       19%        3d9       22%         5
f - Ignite Poison         Fire/Alch      56%        N/A       1%          4

Your spell library contained the following spells:

 Spells                   Type           Power      Damage    Failure   Level
 Foxfire                  Conj/Fire      100%       2x1d9     1%          1
 Freeze                   Ice            84%        1d9       3%          1
 Shock                    Conj/Air       88%        1d8       3%          1
 Sublimation of Blood     Necr           21%        N/A       4%          2
 Petrify                  Alch/Erth      38%        N/A       8%          4
 Hailstorm                Conj/Ice       22%        3d7       9%          3
 Call Canine Familiar     Summ           21%        N/A       10%         3
 Frozen Ramparts          Ice            42%        1d7       10%         3
 Ozocubu's Armour         Ice            21%        N/A       10%         3
 Sigil of Binding         Hex            21%        N/A       10%         3
 Swiftness                Air            21%        N/A       10%         3
 Tukima's Dance           Hex            21%        N/A       10%         3
 Irradiate                Conj/Alch      19%        3d18      21%         5
 Airstrike                Air            10%        2d(2-18)  32%         4
 Animate Dead             Necr           21%        N/A       32%         4
 Dimensional Bullseye     Hex/Tloc       10%        N/A       32%         4
 Passage of Golubria      Tloc           21%        N/A       32%         4
 Plasma Beam              Fire/Air       21%        2x1d33    61%         6
 Metabolic Englaciation   Hex/Ice        10%        N/A       65%         5
 Sculpt Simulacrum        Ice/Alch       19%        N/A       75%         6
 Haunt                    Necr/Summ      10%        N/A       100%        7
 Infestation              Necr           10%        N/A       100%        8


Dungeon Overview and Level Annotations

Branches:
Dungeon (12/15)            Temple (1/1) D:7            Lair (0/5) D:11
    Orc (0/2) D:11        Ossuary (visited)

Altars:
Ashenzari
Cheibriados
Dithmenos
Elyvilon
Fedhas
Gozag
Hepliaklqana
Kikubaaqudgha
Makhleb
Nemelex Xobeh
Okawaru
Qazlal
Ru
Sif Muna
Trog
Uskayaw
Vehumet
Wu Jian
Xom
Yredelemnul
Zin
The Shining One

Shops:
D:1 ?(=(:   D:7 =   D:10 (   D:11 :*

Annotations:
D:6 Jeremiah
D:10 2 transporters
D:12 Frances


Innate Abilities, Weirdness & Mutations

You are strong-willed. (Will+)
You are robust. (+10% HP)
You are weak. (Str -2)


Message History

Unknown command.
Unknown command.
Flames lash the rust devil.
The rust devil completely resists.
Frances hits you with a +1 hand axe of holy wrath!
Flames lash Frances.
Frances is moderately wounded.
Frances's fire resistance burns away.
Frances mutters in a terrible tongue.
The shard of ice hits you!!
Frances chants phrases taken from a devil's mouth.
Unknown command.
Unknown command.
Casting: Scorch (safe; 1% risk of failure)
Confirm with . or Enter, or press ? or * to list all spells.
You ignite the poison in your surroundings!
Frances seems to burn from within!!
Frances is heavily wounded.
Frances misses you.
Unknown command.
Unknown command.
Unknown command.
Casting: Ignite Poison (dangerous; 1% risk of failure)
Confirm with . or Enter, or press ? or * to list all spells.
You can't see any susceptible monsters within range! (Use Z to cast anyway.)
Casting: Ignite Poison (dangerous; 1% risk of failure)
Confirm with . or Enter, or press ? or * to list all spells.
Okay, then.
Okay, then.
Press: ? - help, v - describe, . - travel
Here: Frances, wielding a +1 hand axe of holy wrath and wearing a +0 scale mail (heavily wounded, fast, more vulnerable to fire)
The floor.
Unknown command.
You feel yourself speed up.
Frances chants phrases taken from a devil's mouth.
The shard of ice hits you!!
* * * LOW HITPOINT WARNING * * *
Frances mutters in a terrible tongue.
The shard of ice hits you!!
You die...
Ignis goes out, and joins you in death.

........##.#
........##.#
...........#
######[....# .#
#.###.# ...#
###.....# .....
.........#
......########.#
....34@@.......#
################


You could see Frances (fast, combustible), a rust devil (summoned) and a
sixfirhy (summoned).

Vanquished Creatures
  Erica (D:8)
  4 two-headed ogres
  Pikel (D:8)
  A deep elf pyromancer (D:12)
  Joseph (D:8)
  A gargoyle (D:12)
  An unseen horror (D:10)
  3 trolls
  Sigmund (D:2)
  A wraith (D:11)
  12 yaks
  A wyvern (D:9)
  6 vampire mosquitoes
  An acid dragon (D:10)
  Duvessa (D:7)
  An orc warrior (D:5)
  An ice beast (D:7)
  A black bear (D:8)
  A sky beast (D:7)
  4 wolves (D:11)
  2 ogres (D:5)
  A phantom (D:5)
  4 centaurs
  A bullfrog (D:7)
  2 gnoll sergeants
  3 kobold brigands
  A scorpion (D:5)
  6 wights (D:8)
  Dowan (D:7)
  14 killer bees
  2 electric eels (D:11)
  3 howler monkeys
  8 bullfrog zombies (Ossuary)
  7 hounds
  2 jellies (D:5)
  6 orc priests
  A gnoll bouda (D:10)
  Crazy Yiuf (D:3)
  6 iguanas
  Ijyb (D:3)
  4 orc wizards
  3 killer bee zombies (Ossuary)
  A crocodile zombie (Ossuary)
  4 hound zombies (Ossuary)
  6 mummies
  5 howler monkey zombies (Ossuary)
  14 gnolls
  8 adders
  2 shadow imps
  A white imp (D:8)
  4 ufetubi
  2 dart slugs
  20 orcs
  8 bats
  9 endoplasms
  2 giant cockroaches
  3 goblins
  2 hobgoblins
  4 jackals (D:4)
  5 quokkas
  5 ball pythons
  7 ball python zombies (Ossuary)
  3 frilled lizards
  20 kobolds
  A kobold zombie (D:4)
  An orc zombie (D:4)
  6 rats
266 creatures vanquished.

Vanquished Creatures (collateral kills)
  2 yaks (D:10)
2 creatures vanquished.

Vanquished Creatures (others)
  20 foxfires
20 creatures vanquished.

Grand Total: 288 creatures vanquished

Notes
Turn   | Place    | Note
-------+----------+-------------------------------------------
     0 | D:1      | LobsterGuardian the Deep Elf Cinder Acolyte began the quest
                  | for the Orb.
     0 | D:1      | Reached XP level 1. HP: 13/13 MP: 5/5
    22 | D:1      | Found Zotil's Weapon Boutique.
    35 | D:1      | Found Maanunelec's Magic Scroll Shop.
   134 | D:1      | Reached XP level 2. HP: 18/18 MP: 6/6
   210 | D:1      | Learned a level 2 spell: Scorch
   216 | D:1      | Found a faded altar of an unknown god.
   459 | D:1      | Found Xuecuija's Jewellery Shop.
   472 | D:1      | Found Vagan's Book Emporium.
   681 | D:1      | Found Legukea's Weapon Shop.
  1178 | D:2      | Noticed Sigmund
  1183 | D:2      | Killed Sigmund
  1184 | D:2      | Reached skill level 3 in Spellcasting
  1184 | D:2      | Reached skill level 5 in Fire Magic
  1184 | D:2      | Reached XP level 3. HP: 19/22 MP: 0/10
  1184 | D:2      | Reached XP level 4. HP: 23/27 MP: 0/11
  1184 | D:2      | Reached XP level 5. HP: 27/31 MP: 0/12
  1191 | D:2      | Learned a level 1 spell: Sting
  1299 | D:2      | Reached skill level 4 in Spellcasting
  1768 | D:2      | Gained mutation: You possess an exceptional clarity of
                  | mind. [potion of mutation]
  1768 | D:2      | Gained mutation: You are dopey. (Int -2) [potion of
                  | mutation]
  1926 | D:3      | Found an opulent altar of Gozag.
  2231 | D:3      | Found a runed translucent door.
  2232 | D:3      | Noticed Crazy Yiuf
  2259 | D:3      | Noticed Ijyb
  2267 | D:3      | Killed Ijyb
  2268 | D:3      | Reached skill level 1 in Dodging
  2617 | D:3      | Upgraded the game from 0.32-a0-520-g344ed53f66 to
                  | 0.32-a0-540-g866d13106e
  2877 | D:3      | Killed Crazy Yiuf
  2878 | D:3      | Reached skill level 5 in Spellcasting
  2878 | D:3      | Reached XP level 6. HP: 36/36 MP: 10/15
  3346 | D:4      | Found a sand-covered staircase.
  3349 | D:4      | Reached skill level 6 in Spellcasting
  3353 | Ossuary  | Entered an ossuary
  3450 | Ossuary  | Reached XP level 7. HP: 6/40 MP: 1/18
  3654 | Ossuary  | Reached skill level 1 in Armour
  3664 | Ossuary  | Reached skill level 7 in Spellcasting
  4313 | D:4      | Reached skill level 8 in Spellcasting
  4314 | D:4      | Reached XP level 8. HP: 45/45 MP: 11/22
  5145 | D:5      | Entered Level 5 of the Dungeon
  5543 | D:5      | Found a blossoming altar of Fedhas.
  5656 | D:5      | Reached skill level 9 in Spellcasting
  5777 | D:5      | Reached skill level 1 in Alchemy
  6226 | D:5      | Reached skill level 10 in Spellcasting
  6491 | D:6      | Reached XP level 9. HP: 37/49 MP: 1/25
  6618 | D:6      | HP: 2/49 [orc priest/divine providence (14)]
  6738 | D:6      | Noticed Jeremiah
  6864 | D:7      | Reached skill level 11 in Spellcasting
  6929 | D:7      | Learned a level 4 spell: Olgreb's Toxic Radiance
  7133 | D:7      | Found a staircase to the Ecumenical Temple.
  7224 | Temple   | Entered the Ecumenical Temple
  7281 | D:7      | Noticed Dowan
  7281 | D:7      | Noticed Duvessa
  7284 | D:7      | Killed Dowan
  7289 | D:7      | Killed Duvessa
  7420 | D:7      | Found Koqeok's Jewellery Boutique.
  7839 | D:8      | Noticed Pikel
  7852 | D:8      | Killed Pikel
  7853 | D:8      | Reached skill level 12 in Spellcasting
  8050 | D:8      | Reached skill level 1 in Shields
  8139 | D:8      | Found a shadowy altar of Dithmenos.
  8182 | D:8      | Noticed Joseph
  8186 | D:8      | Killed Joseph
  8187 | D:8      | Reached skill level 1 in Stealth
  8346 | D:8      | Noticed Erica
  8352 | D:8      | Killed Erica
  8353 | D:8      | Reached XP level 10. HP: 25/56 MP: 18/28
  8547 | D:8      | Reached skill level 13 in Spellcasting
  9167 | D:9      | Found an ornate altar of the Wu Jian Council.
  9420 | D:9      | Reached skill level 14 in Spellcasting
  9560 | D:9      | Noticed a two-headed ogre
  9562 | D:9      | Killed a two-headed ogre
  9563 | D:9      | Reached skill level 5 in Alchemy
  9768 | D:10     | Entered Level 10 of the Dungeon
  9878 | D:10     | Found a snail-covered altar of Cheibriados.
  9894 | D:10     | Reached skill level 15 in Spellcasting
 10084 | D:10     | Noticed a two-headed ogre
 10084 | D:10     | Noticed a two-headed ogre
 10087 | D:9      | You fall into a shaft and drop 1 floor!
 10098 | D:10     | Killed a two-headed ogre
 10104 | D:10     | Reached XP level 11. HP: 48/60 MP: 17/32
 10123 | D:10     | Reached skill level 16 in Spellcasting
 10148 | D:10     | Killed a two-headed ogre
 10391 | D:10     | Found a transporter.
 10444 | D:10     | Found a transporter.
 10444 | D:10     | Found Saoby's Weapon Shop.
 10529 | D:10     | Lost mutation: You possess an exceptional clarity of mind.
                  | [potion of mutation]
 10529 | D:10     | Lost mutation: You are dopey. (Int -2) [potion of mutation]
 10529 | D:10     | Gained mutation: You are robust. (+10% HP) [potion of
                  | mutation]
 10529 | D:10     | Gained mutation: You are strong-willed. (Will+) [potion of
                  | mutation]
 10835 | D:11     | Found a staircase to the Orcish Mines.
 10904 | D:11     | Learned a level 2 spell: Mercury Vapours
 10927 | D:11     | Learned a level 5 spell: Yara's Violent Unravelling
 10965 | D:11     | Noticed a two-headed ogre
 10970 | D:11     | Gained mutation: You are weak. (Str -2) [you]
 10972 | D:11     | Killed a two-headed ogre
 10983 | D:11     | Reached skill level 17 in Spellcasting
 11367 | D:11     | Found a staircase to the Lair.
 11666 | D:11     | Found Xaitoek's Elemental Accessories.
 11672 | D:11     | Bought the Textbook on Combustion for 308 gold pieces
 11677 | D:11     | Learned a level 4 spell: Ignite Poison
 12084 | D:11     | Found Guepe's Book Boutique.
 12326 | D:11     | Found a hazy altar of Hepliaklqana.
 12724 | D:12     | Noticed a deep elf pyromancer
 12728 | D:12     | Killed a deep elf pyromancer
 13000 | D:12     | Noticed Frances
 13008 | D:12     | Noticed a sixfirhy
 13009 | D:12     | HP: 1/66 [Frances/shard of ice (29)]
 13009 | D:12     | Killed from afar by Frances

Illustrated notes

Levels and vault maps discovered:
D:1:      dpeg_arrival_leaves_temple_mockup, layout_rooms,
          shapermc_ecumenical_altar_petra, serial_shops, shop,
          nicolae_shop_trees, shop, shop, shop
D:2:      layout_loops_ring, serial_co_window_serial,
          co_window_of_opportunity_a, co_window_cross_1, co_window_corner_a,
          co_window_corner_a, co_window_paths_a, co_window_of_opportunity_b,
          co_window_corner_b, co_window_corner_ca, co_window_of_opportunity_c,
          co_window_unsneaky_path_d, co_window_corner_b, glass_columns_b,
          glass_columns_b, glass_columns_c, glass_columns_a, glass_columns_b,
          due_unseen_surprise, uniq_sigmund
D:3:      layout_rooms, marbit_many_paths, uniq_ijyb, uniq_crazy_yiuf_cottage
D:4:      layout_basic, nicolae_ossuary_entry_giza
D:5:      layout_loops_ring, mainiacjoe_overflow_paths
D:6:      layout_cave_pools, uniq_jeremiah
D:7:      layout_basic, temple_green, serial_shops, nicolae_lakefront_shop,
          uniq_duvessa
D:8:      layout_gridville, mainiacjoe_overflow_chevrons, uniq_joseph,
          uniq_erica, uniq_pikel
D:9:      layout_rooms, nicolae_wu_jian_wuxing_cycle, kennysheep_generic_room_12
D:10:     layout_rooms, cheibriados_altar_1, serial_shops,
          nicolae_shop_drivethru
D:11:     layout_basic, erik_lair_island, serial_shops, shop,
          nicolae_elemental_shop, worldfamousw_hep_ancestral_shrine
D:12:     layout_stronghold, uniq_frances
Temple:   nicolae_temple_bog_church

Skill      XL: |  1  2  3  4  5  6  7  8  9 10 11 |
---------------+----------------------------------+-----
Spellcasting   | 3 5 6 8 10 12 15 17 | 17.9
Fire Magic     | 5 6 7 8 9 |  9.0
Dodging        | 1 2 3 |  3.9
Short Blades   | 4 |  4.7
Armour         | 1 2 3 |  3.4
Alchemy        | 3 4 5 6 |  6.9
Shields        | 1 2 |  2.0
Stealth        | 1 2 |  2.3
Fighting       | 3 |  3.2
Conjurations   | |  0.2

Action                     |  1- 3 |  4- 6 |  7- 9 | 10-12 || total
---------------------------+-------+-------+-------+-------++-------
  Melee: Short sword       |    36 |     5 |       |       ||    41
         Rapier            |       |    53 |   141 |    51 ||   245
   Cast: Scorch            |    20 |    54 |   175 |   158 ||   407
         Sting             |       |    15 |    14 |     3 ||    32
         Olgreb's Toxic Ra |       |       |     5 |    23 ||    28
         Mercury Vapours   |       |       |       |     5 ||     5
         Ignite Poison     |       |       |       |     4 ||     4
         Yara's Violent Un |       |       |       |     2 ||     2
 Invoke: Fiery Armour      |       |     2 |     3 |     3 ||     8
         Foxfire Swarm     |       |       |       |     2 ||     2
         Rising Flame      |       |       |       |     1 ||     1
  Evoke: Wand              |       |       |     1 |     1 ||     2
         Phantom mirror    |       |       |       |     1 ||     1
    Use: Scroll            |     2 |     9 |     5 |     6 ||    22
         Potion            |       |     1 |     5 |     7 ||    13
 Armour: Robe              |    25 |       |       |       ||    25
         Leather armour    |     8 |    54 |   176 |   131 ||   369
         Troll leather arm |       |       |       |    25 ||    25
  Dodge: Dodged            |    21 |    31 |    86 |   111 ||   249
  Block: Buckler           |       |    29 |    99 |    42 ||   170
         Reflection        |       |       |     5 |       ||     5

Table legend: (Time is in decaauts)
 A = Elapsed time spent in this place.
 B = Non-inter-level travel time spent in this place.
 C = Inter-level travel time spent in this place.
 D = Time resting spent in this place.
 E = Time spent auto-exploring this place.
 F = Levels seen in this place.
 G = Mean time per level.
                   A        B        C        D        E       F      G
               +--------+--------+--------+--------+--------+-----+--------+
         Total |  13073 |  12545 |    528 |     93 |  10858 |  14 |  933.8 |
       Dungeon |  12092 |  11566 |    526 |     93 |  10086 |  12 | 1007.7 |
        Temple |     11 |     10 |      1 |      0 |     10 |   1 |   11.0 |
       Ossuary |    969 |    969 |      0 |      0 |    762 |   1 |  969.0 |
               +--------+--------+--------+--------+--------+-----+--------+

Top non-repeatable levels by time:
    D:11: 1971 daAuts
     D:5: 1305 daAuts
     D:4: 1249 daAuts
     D:3: 1162 daAuts
     D:7: 1121 daAuts
     D:2: 1033 daAuts
     D:8: 1028 daAuts
 Ossuary: 969 daAuts
    D:10: 886 daAuts
     D:9: 770 daAuts
     D:1: 740 daAuts
     D:6: 411 daAuts
    D:12: 410 daAuts
  Temple: 11 daAuts
